3A
HOGSMEADE CAULDRONS @ WASHINGTON GENERALS
07/25/2022
 
TOP OF THE 1ST
Hogsmeade Cauldrons batting - Pitching for Washington Generals : RHP Curt Walker
Pitching: RHP Curt Walker
Batting: RHB Jesús Cisneros 0-0: Foul Ball, location: 2F
0-1: Ball
1-1: Ball
2-1: Called Strike
2-2: Foul Ball, location: 2F
2-2: Ball
3-2: Foul Ball, location: 2F
3-2: Foul Ball, location: 2F
3-2: Foul Ball, location: 2F
3-2: SINGLE (Line Drive, 8RS)
Batting: RHB Ernesto Souza 0-0: Ball
1-0: Called Strike
1-1: Ball
2-1: Called Strike
2-2: Foul Ball, location: 2F
2-2: Foul Ball, location: 2F
2-2: Fielders Choice at 2nd, 1-6 (Groundball, 23)
Batting: RHB Raúl Reyna 0-0: SINGLE (Groundball, 4MD)
Ernesto Souza to second
Batting: SHB Fernando Sánchez 0-0: Called Strike
0-1: Foul Ball, location: 2F
0-2: Strikes out swinging
Batting: RHB Santiago Mosca 0-0: Ball
1-0: Ball
2-0: Called Strike
2-1: Foul Ball, location: 2F
2-2: Foul Ball, location: 2F
2-2: Strikes out looking
Top of the 1st over - 0 run(s), 2 hit(s), 0 error(s), 2 left on base; Hogsmeade 0 - Washington 0
BOTTOM OF THE 1ST
Washington Generals batting - Pitching for Hogsmeade Cauldrons : RHP Rob Rocha
Pitching: RHP Rob Rocha
Batting: RHB Iván Rodríguez 0-0: Ball
1-0: Foul Ball, location: 2F
1-1: SINGLE (Groundball, 5)
Batting: SHB Júlio Camacho 0-0: Called Strike
0-1: Ball
1-1: Called Strike
1-2: Ball
2-2: Foul Ball, location: 2F
2-2: Strikes out swinging
Batting: RHB Harley Gray 0-0: Swinging Strike
0-1: Fly out, F9 (Flyball, 9M)
Batting: RHB Arturo Morales 0-0: Ground out 6-3 (Groundball, 6)
Bottom of the 1st over - 0 run(s), 1 hit(s), 0 error(s), 1 left on base; Hogsmeade 0 - Washington 0
TOP OF THE 2ND
Hogsmeade Cauldrons batting - Pitching for Washington Generals : RHP Curt Walker
Batting: RHB Gonzalo Ángel 0-0: Foul Ball, location: 2F
0-1: Ground out U3 (Groundball, 3S)
Batting: RHB Héctor Casas 0-0: Foul Ball, location: 2F
0-1: Foul Ball, location: 2F
0-2: Strikes out swinging
Batting: RHB Reynaldo Pérez 0-0: Called Strike
0-1: Foul Ball, location: 2F
0-2: Strikes out swinging
Top of the 2nd over - 0 run(s), 0 hit(s), 0 error(s), 0 left on base; Hogsmeade 0 - Washington 0
BOTTOM OF THE 2ND
Washington Generals batting - Pitching for Hogsmeade Cauldrons : RHP Rob Rocha
Batting: SHB Carlos Alicea 0-0: Swinging Strike
0-1: Ball
1-1: Ball
2-1: Foul Ball, location: 2F
2-2: Strikes out swinging
Batting: RHB Jim Unknown 0-0: Ball
1-0: Ball
2-0: Ball
3-0: Base on Balls
Batting: RHB Jim Unknown 0-0: Ball
1-0: Ground out U3 (Groundball, 3S)
Jim Unknown to second
Batting: RHB Tim Lehman 0-0: Called Strike
0-1: Ball
1-1: Swinging Strike
1-2: Foul Ball, location: 2F
1-2: Strikes out swinging
Bottom of the 2nd over - 0 run(s), 0 hit(s), 0 error(s), 1 left on base; Hogsmeade 0 - Washington 0
TOP OF THE 3RD
Hogsmeade Cauldrons batting - Pitching for Washington Generals : RHP Curt Walker
Batting: RHB Jim Unknown 0-0: Foul Ball, location: 2F
0-1: Foul Ball, location: 2F
0-2: Foul Ball, location: 2F
0-2: Ball
1-2: Ground out 4-3 (Groundball, 4)
Batting: RHB Jesús Cisneros 0-0: Ball
1-0: Called Strike
1-1: Ball
2-1: SINGLE (Flyball, 8LS)
Batting: RHB Ernesto Souza 0-0: Ball
1-0: Called Strike
1-1: Called Strike
1-2: Foul Ball, location: 2F
1-2: Foul Ball, location: 2F
1-2: Ball
2-2: Ball
3-2: Base on Balls
Jesús Cisneros to second
Batting: RHB Raúl Reyna 0-0: SINGLE (Groundball, 6MD)
Jesús Cisneros to third
Ernesto Souza to second
Runner from 3rd tries for Home, SAFE, no throw or cutoff
Batting: SHB Fernando Sánchez 0-0: Swinging Strike
0-1: Ball
1-1: Ball
2-1: Ball
3-1: Base on Balls
Ernesto Souza to third
Raúl Reyna to second
Batting: RHB Santiago Mosca 0-0: Foul Ball, location: 2F
0-1: Ball
1-1: SINGLE (Line Drive, 9S)
Ernesto Souza scores
Raúl Reyna to third
Fernando Sánchez to second
Batting: RHB Gonzalo Ángel 0-0: Ball
1-0: Called Strike
1-1: Swinging Strike
1-2: Ball
2-2: Strikes out swinging
Batting: RHB Héctor Casas 0-0: Ball
1-0: Fly out, F9 (Flyball, 89S)
Top of the 3rd over - 2 run(s), 3 hit(s), 0 error(s), 3 left on base; Hogsmeade 2 - Washington 0
BOTTOM OF THE 3RD
Washington Generals batting - Pitching for Hogsmeade Cauldrons : RHP Rob Rocha
Batting: RHB Andy Moore 0-0: Ball
1-0: Foul Ball, location: 2F
1-1: Called Strike
1-2: Ball
2-2: Fly out, F8 (Flyball, 8RM)
Batting: RHB Iván Rodríguez 0-0: Foul Ball, location: 2F
0-1: SINGLE (Line Drive, 8LS)
Batting: SHB Júlio Camacho 0-0: SINGLE (Flyball, 7S)
Iván Rodríguez to second
Batting: RHB Harley Gray 0-0: Swinging Strike
0-1: Ball
1-1: Ball
2-1: Fly out, F8 (Flyball, 8RM)
Batting: RHB Arturo Morales 0-0: Ball
1-0: Ball
2-0: Foul Ball, location: 2F
2-1: Foul Ball, location: 2F
2-2: Foul Ball, location: 2F
2-2: Ball
3-2: Base on Balls
Iván Rodríguez to third
Júlio Camacho to second
Batting: SHB Carlos Alicea 0-0: Called Strike
0-1: Fly out, F4 (Popup, 4D)
Bottom of the 3rd over - 0 run(s), 2 hit(s), 0 error(s), 3 left on base; Hogsmeade 2 - Washington 0
TOP OF THE 4TH
Hogsmeade Cauldrons batting - Pitching for Washington Generals : RHP Curt Walker
Batting: RHB Reynaldo Pérez 0-0: Ball
1-0: Called Strike
1-1: SINGLE (Groundball, 6D)
Batting: RHB Jim Unknown 0-0: Swinging Strike
0-1: Ball
1-1: Called Strike
1-2: Strikes out swinging
Batting: RHB Jesús Cisneros 0-0: Called Strike
0-1: Ball
1-1: Foul Ball, location: 2F
1-2: Ball
2-2: Grounds into double play, 6-4-3 (Groundball, 6)
Top of the 4th over - 0 run(s), 1 hit(s), 0 error(s), 0 left on base; Hogsmeade 2 - Washington 0
BOTTOM OF THE 4TH
Washington Generals batting - Pitching for Hogsmeade Cauldrons : RHP Rob Rocha
Batting: RHB Jim Unknown 0-0: Ball
1-0: Ball
2-0: Ball
3-0: Base on Balls
Batting: RHB Jim Unknown 0-0: Called Strike
0-1: Called Strike
0-2: Ball
1-2: Strikes out swinging
Batting: RHB Tim Lehman 0-0: Called Strike
Jim Unknown steals 2nd base
0-1: DOUBLE (Line Drive, 8RM)
Jim Unknown scores
Batting: RHB Andy Moore 0-0: Ball
Tim Lehman is caught stealing 3rd base
1-0: Ball
2-0: Ball
3-0: Called Strike
3-1: Called Strike
3-2: Ground out 4-3 (Groundball, 4)
Bottom of the 4th over - 1 run(s), 1 hit(s), 0 error(s), 0 left on base; Hogsmeade 2 - Washington 1
TOP OF THE 5TH
Hogsmeade Cauldrons batting - Pitching for Washington Generals : RHP Curt Walker
Batting: RHB Ernesto Souza 0-0: Foul Ball, location: 2F
0-1: Foul Ball, location: 2F
0-2: Ball
1-2: Ball
2-2: Ball
3-2: Foul Ball, location: 2F
3-2: Hit by Pitch
Batting: RHB Raúl Reyna 0-0: Grounds into double play, 5-4-3 (Groundball, 56)
Batting: SHB Fernando Sánchez 0-0: Ball
1-0: Foul Ball, location: 2F
1-1: Foul Ball, location: 2F
1-2: Ball
2-2: Fly out, F7 (Flyball, 7D)
Top of the 5th over - 0 run(s), 0 hit(s), 0 error(s), 0 left on base; Hogsmeade 2 - Washington 1
BOTTOM OF THE 5TH
Washington Generals batting - Pitching for Hogsmeade Cauldrons : RHP Rob Rocha
Batting: RHB Iván Rodríguez 0-0: Ball
1-0: Fly out, F3 (Popup, 3L)
Batting: SHB Júlio Camacho 0-0: Foul Ball, location: 2F
0-1: Fly out, F7 (Flyball, 7M)
Batting: RHB Harley Gray 0-0: Ball
1-0: Ball
2-0: Ball
3-0: Called Strike
3-1: Base on Balls
Batting: RHB Arturo Morales 0-0: Ball
Harley Gray steals 2nd base
1-0: Ground out 5-3 (Groundball, 56S)
Bottom of the 5th over - 0 run(s), 0 hit(s), 0 error(s), 1 left on base; Hogsmeade 2 - Washington 1
TOP OF THE 6TH
Hogsmeade Cauldrons batting - Pitching for Washington Generals : RHP Curt Walker
Batting: RHB Santiago Mosca 0-0: Fly out, F8 (Flyball, 8LM)
Batting: RHB Gonzalo Ángel 0-0: Ground out 5-3 (Groundball, 5S)
Batting: RHB Héctor Casas 0-0: Ball
1-0: Ball
2-0: Fly out, F8 (Flyball, 78M)
Top of the 6th over - 0 run(s), 0 hit(s), 0 error(s), 0 left on base; Hogsmeade 2 - Washington 1
BOTTOM OF THE 6TH
Washington Generals batting - Pitching for Hogsmeade Cauldrons : RHP Rob Rocha
Batting: SHB Carlos Alicea 0-0: Swinging Strike
0-1: Foul Ball, location: 2F
0-2: SINGLE (Groundball, 56D) (infield hit)
Batting: RHB Jim Unknown 0-0: Sac Bunt - play at first, batter OUT! 1-4
Carlos Alicea to second
Batting: RHB Jim Unknown 0-0: Ball
1-0: Ball
2-0: Ball
3-0: Base on Balls
Batting: RHB Tim Lehman 0-0: Ball
1-0: Foul Ball, location: 2F
1-1: Called Strike
Carlos Alicea is caught stealing 3rd base
Jim Unknown to second
1-2: Ground out 4-3 (Groundball, 4)
Bottom of the 6th over - 0 run(s), 1 hit(s), 0 error(s), 1 left on base; Hogsmeade 2 - Washington 1
TOP OF THE 7TH
Hogsmeade Cauldrons batting - Pitching for Washington Generals : RHP Curt Walker
Batting: RHB Reynaldo Pérez 0-0: Called Strike
0-1: Ball
1-1: Ball
2-1: Called Strike
2-2: Ball
3-2: Foul Ball, location: 2F
3-2: DOUBLE (Flyball, 9LD)
Batting: RHB Jim Unknown 0-0: Intentional Walk
Pitching: RHP Octávio Rosário
Batting: RHB Jesús Cisneros 0-0: Ball
1-0: Bunted foul
1-1: Bunted foul
1-2: Fly out, F8 (Flyball, 8RM)
Pinch Hitting: RHB Jim Unknown 0-0: Ball
1-0: Called Strike
1-1: Fly out, F4 (Popup, 34D)
Batting: RHB Raúl Reyna 0-0: Ball
1-0: SINGLE (Groundball, 56D)
Reynaldo Pérez to third
Jim Unknown to second
Runner from 3rd tries for Home, SAFE, no throw or cutoff
Batting: SHB Fernando Sánchez 0-0: Fly out, F7 (Flyball, 78S)
Top of the 7th over - 1 run(s), 2 hit(s), 0 error(s), 2 left on base; Hogsmeade 3 - Washington 1
BOTTOM OF THE 7TH
Washington Generals batting - Pitching for Hogsmeade Cauldrons : RHP Rob Rocha
Now at 2B: Jim Unknown
Batting: RHB Andy Moore 0-0: Ball
1-0: Called Strike
1-1: Fly out, F7 (Flyball, 7M)
Batting: RHB Iván Rodríguez 0-0: Foul Ball, location: 2F
0-1: Ball
1-1: Ball
2-1: Ball
3-1: Fly out, F9 (Flyball, 9LS)
Batting: SHB Júlio Camacho 0-0: Swinging Strike
0-1: Ball
1-1: Called Strike
1-2: Ball
2-2: Foul Ball, location: 2F
2-2: Fly out, F9 (Flyball, 89M)
Bottom of the 7th over - 0 run(s), 0 hit(s), 0 error(s), 0 left on base; Hogsmeade 3 - Washington 1
TOP OF THE 8TH
Hogsmeade Cauldrons batting - Pitching for Washington Generals : RHP Octávio Rosário
Batting: RHB Santiago Mosca 0-0: Called Strike
0-1: Foul Ball, location: 2F
0-2: Ball
1-2: Strikes out looking
Batting: RHB Gonzalo Ángel 0-0: Called Strike
0-1: Ball
1-1: Called Strike
1-2: SINGLE (Flyball, 7S)
Batting: RHB Héctor Casas 0-0: Ball
1-0: Foul Ball, location: 2F
1-1: DOUBLE (Flyball, 78XD)
Gonzalo Ángel to third
Pinch Hitting: RHB Jim Unknown 0-0: Called Strike
0-1: Ball
1-1: Ball
2-1: Swinging Strike
2-2: Strikes out swinging
Batting: RHB Jim Unknown 0-0: Intentional Walk
Batting: RHB Jesús Cisneros 0-0: Ball
1-0: Swinging Strike
1-1: Foul Ball, location: 2F
1-2: Strikes out swinging
Top of the 8th over - 0 run(s), 2 hit(s), 0 error(s), 3 left on base; Hogsmeade 3 - Washington 1
BOTTOM OF THE 8TH
Washington Generals batting - Pitching for Hogsmeade Cauldrons : RHP Rob Rocha
Now at SS: Jim Unknown
Batting: RHB Harley Gray 0-0: Called Strike
0-1: Ball
1-1: Swinging Strike
1-2: Foul Ball, location: 2F
1-2: Ground out 5-3 (Groundball, 5)
Batting: RHB Arturo Morales 0-0: Called Strike
0-1: Ground out 5-3 (Groundball, 56S)
Batting: SHB Carlos Alicea 0-0: Ball
1-0: Foul Ball, location: 2F
1-1: Ball
2-1: Ball
3-1: Called Strike
3-2: Base on Balls
Batting: RHB Jim Unknown 0-0: Called Strike
0-1: Ball
1-1: Fly out, F7 (Line Drive, 78M)
Bottom of the 8th over - 0 run(s), 0 hit(s), 0 error(s), 1 left on base; Hogsmeade 3 - Washington 1
TOP OF THE 9TH
Hogsmeade Cauldrons batting - Pitching for Washington Generals : RHP Octávio Rosário
Batting: RHB Jim Unknown 0-0: Ball
1-0: Ball
2-0: Ball
3-0: Called Strike
3-1: Base on Balls
Batting: RHB Raúl Reyna 0-0: Fly out, F7 (Flyball, 7M)
Batting: SHB Fernando Sánchez 0-0: Called Strike
0-1: DOUBLE (Flyball, 89XD)
Jim Unknown to third
Runner from 3rd tries for Home, SAFE, throw made home
Batting: RHB Santiago Mosca 0-0: Ground out 5-3 (Groundball, 56)
Batting: RHB Gonzalo Ángel 0-0: Hit by Pitch
Batting: RHB Héctor Casas 0-0: Ball
1-0: Fly out, F9 (Flyball, 9S)
Top of the 9th over - 1 run(s), 1 hit(s), 0 error(s), 2 left on base; Hogsmeade 4 - Washington 1
BOTTOM OF THE 9TH
Washington Generals batting - Pitching for Hogsmeade Cauldrons : RHP Rob Rocha
Pitching: RHP Jim Unknown
Batting: RHB Jim Unknown 0-0: Ground out 5-3 (Groundball, 56)
Batting: RHB Tim Lehman 0-0: DOUBLE (Flyball, 89XD)
Batting: RHB Andy Moore 0-0: Ball
1-0: Ball
2-0: Called Strike
2-1: Ball
Passed Ball!
Tim Lehman to third
3-1: Called Strike
3-2: Base on Balls
Batting: RHB Iván Rodríguez 0-0: Ball
1-0: Foul Ball, location: 2F
1-1: Ball
2-1: Ball
3-1: Grounds into double play, U6-3 (Groundball, 6M)
Bottom of the 9th over - 0 run(s), 1 hit(s), 0 error(s), 1 left on base; Hogsmeade 4 - Washington 1
This league is powered by Out of the Park Baseball, the baseball management simulation game for PC, Mac and Linux
Friday, April 15th, 2016 - OOTP Baseball 16.9 Build 39